 Dungeon Crawl Stone Soup version 0.17.0-7-gfadd4cc (webtiles) character file.

39570 Hanyuu the Nimble (level 14, -3/103 HPs)
             Began as an Octopode Transmuter on Nov 8, 2015.
             Was the Champion of Makhleb.
             Slain by a four-headed hydra (6 damage)
             ... on level 5 of the Lair of Beasts on Nov 9, 2015.
             The game lasted 01:06:08 (16833 turns).

Hanyuu the Nimble (Octopode Transmuter)            Turns: 16833, Time: 01:06:09

Health: -3/103     AC:  7    Str: 16    XL:     14   Next: 7%
Magic:  18/21      EV: 20    Int: 24    God:    Makhleb [******]
Gold:   1479       SH:  0    Dex: 14    Spells: 6 memorised, 6 levels left

rFire  + . .     SeeInvis +       - Unarmed
rCold  + . .     Clarity  .     (no shield)
rNeg   . . .     SustAt   .     y - +2 hat {SInv}
rPois  .         Gourm    .     m - amulet of regeneration
rElec  .         Spirit   .     K - +4 ring of protection
rCorr  .         Warding  .     A - +6 ring of intelligence
rMut   .         Stasis   .     M - ring of protection from fire
MR     +++..                    T - +3 ring of strength
Stlth  +++.......               (no ring)
                                d - ring of Zousem {Wiz rC+ Str+3}
                                q - ring of protection from magic
                                t - ring of protection from magic

@: extremely resistant to hostile enchantments, fairly stealthy
A: almost no armour, amphibious, 8 rings, constrict 8, camouflage 1, gelatinous
body 1
a: Minor Destruction, Lesser Servant of Makhleb, Major Destruction, Greater
Servant of Makhleb, Renounce Religion


You were on level 5 of the Lair of Beasts.
You worshipped Makhleb.
Makhleb was exalted by your worship.
You were not hungry.

You visited 4 branches of the dungeon, and saw 20 of its levels.
You also visited: Labyrinth and Bailey.

You collected 1479 gold pieces.

Inventory:

Hand Weapons
 a - a +2 blowgun
 H - the +5 dagger "Urysisk" {flame, rElec rN+ Int+10 Dex-2}
   (You found it on level 5 of the Dungeon)

   It has been specially enchanted to burn those struck by it, causing extra
   injury to most foes and up to half again as much damage against particularly
   susceptible opponents.
   It affects your intelligence (+10).
   It affects your dexterity (-2).
   It insulates you from electricity.
   It protects you from negative energy.
Missiles
 z - 7 curare-tipped needles
 E - 25 poisoned needles
 I - 153 arrows
Armour
 y - a +2 hat of see invisible (worn)
Jewellery
 d - the ring of Zousem (on tentacle) {Wiz rC+ Str+3}
   (You acquired it on level 9 of the Dungeon)

   [ring of wizardry]

   It improves your spell success rate.
   It affects your strength (+3).
   It protects you from cold.
 m - an amulet of regeneration (around mantle)
 q - a ring of protection from magic (on tentacle)
 s - an uncursed ring of protection from magic
 t - a ring of protection from magic (on tentacle)
 u - an uncursed ring of ice
 A - a +6 ring of intelligence (right tentacle)
 K - a +4 ring of protection (left tentacle)
 M - a ring of protection from fire (on tentacle)
 T - a +3 ring of strength (on tentacle)
Wands
 k - a wand of polymorph (13)
 r - a wand of lightning (4)
 v - a wand of slowing (25)
 P - a wand of flame (27)
Scrolls
 e - 7 scrolls of remove curse
 f - a scroll of enchant armour
 j - 6 scrolls of magic mapping
 o - 4 scrolls of fear
 w - 2 scrolls of teleportation
 x - 2 scrolls of recharging
 W - a scroll of enchant weapon
Potions
 h - a potion of cure mutation
 i - 6 potions of curing
 l - 3 potions of cancellation
 p - 4 potions of might
 B - 3 potions of flight
 D - a potion of resistance {unknown}
 G - 3 potions of poison
 J - 3 potions of berserk rage
 L - 3 potions of invisibility
 N - 4 potions of agility
 R - a potion of haste
 V - a potion of mutation {unknown}
 X - a potion of brilliance {unknown}
 Y - a potion of lignification {unknown}
Books
 g - Xyelyst's Handbook of Execration
   (You found it in a labyrinth)

   Spells                             Type                      Level
   a - Confusing Touch                Hexes                        2
   b - Spectral Weapon                Hexes/Charms                 3
   c - Inner Flame                    Hexes/Fire                   3
   d - Tukima's Dance                 Hexes                        3
   e - Summon Mana Viper              Hexes/Summoning              5
   f - Silence                        Hexes/Air                    5
   g - Invisibility                   Hexes                        6
   h - Mass Confusion                 Hexes                        6
 n - a book of Geomancy

   Spells                             Type                      Level
   a - Sandblast                      Earth                        1
   b - Stoneskin                      Transmutation/Earth          2
   c - Passwall                       Transmutation/Earth          3
   d - Stone Arrow                    Conjuration/Earth            3
   e - Petrify                        Transmutation/Earth          4
   f - Lee's Rapid Deconstruction     Earth                        5
Comestibles
 c - 9 bread rations
 C - 10 slices of pizza
 S - 5 beef jerkies
 Z - 35 fruits


   Skills:
 + Level 12.1 Fighting
 - Level 2.0 Throwing
 - Level 13.5 Dodging
 * Level 12.8 Unarmed Combat
 - Level 5.0 Spellcasting
 - Level 7.0 Transmutations
 - Level 1.0 Poison Magic
 + Level 2.3 Evocations


You had 6 spell levels left.
You knew the following spells:

 Your Spells              Type           Power        Failure   Level  Hunger
a - Beastly Appendage     Trmt           #####.       1%          1    None
b - Sticks to Snakes      Trmt           #####.....   1%          2    None
c - Spider Form           Trmt/Pois      ####......   2%          3    ##.....
d - Passwall              Trmt/Erth      ###.......   4%          3    ##.....
e - Blade Hands           Trmt           #####.....   7%          5    #####..
f - Mephitic Cloud        Conj/Pois/Air  #.......     10%         3    ##.....


Dungeon Overview and Level Annotations

Branches:
Dungeon (10/15)            Temple (1/1) D:4            Lair (6/8) D:10
 Shoals (0/4) Lair:4       Spider (0/4) Lair:4        Slime (0/6) Lair:6
    Orc (3/4) D:10
    Elf: Orc:3-4

Altars:
Ashenzari
Cheibriados
Dithmenos
Elyvilon
Fedhas
Gozag
Kikubaaqudgha
Makhleb
Nemelex Xobeh
Okawaru
Qazlal
Ru
Sif Muna
Trog
Vehumet
Xom
Yredelemnul
Zin
The Shining One

Annotations:
D:4 exclusion: player ghost, MDvedh's ghost, amateur FoHu
D:9 exclusions: big kobold and 1 more exclusion
D:10 exclusion: oklob plant
Lair:4 exclusion: hydra


Innate Abilities, Weirdness & Mutations

You cannot wear most types of armour.
You are amphibious.
You can wear up to eight rings at the same time.
You can use your tentacles to constrict eight enemies at once.
Your skin changes colour to match your surroundings (Stealth).
Your rubbery body absorbs attacks (AC +1).


Message History

Casting: Passwall
Confirm with . or Enter, or press ? or * to list all spells.
Okay, then.
Casting: Passwall
Confirm with . or Enter, or press ? or * to list all spells.
Which direction?
The four-headed hydra bites you but does no damage.
The four-headed hydra completely misses you.
The four-headed hydra bites you.
* * * LOW HITPOINT WARNING * * *
The four-headed hydra bites you!
* * * LOW HITPOINT WARNING * * *
You begin to meditate on the wall.
You continue meditating on the rock.
The four-headed hydra closely misses you.
The four-headed hydra completely misses you. x2
The four-headed hydra bites you.
* * * LOW HITPOINT WARNING * * *
You continue meditating on the rock.
The four-headed hydra bites you.
You die...

....#.P#..#.....##P......∩.......
##.##.....P.#...##P...........##.
.................................
.P.PP....#.#.........##.P..##.P..
..##P)...#.....#.....##...##.#P..
.................................
.<...........#.#...##....#####.##
.............#.##....#..#..♣.###.
................@.......#.....#..
.........#PP....D.......#♣.>.♣#..
.................................
...P.P..................##...##..
.......P................#.#+.....
#.....P...............###......#.
......P...b...........#....♣....#
..#..................##.........#
....................##..♣..>..♣..


You could see a four-headed hydra.

Vanquished Creatures
  Gastronok (Lair:3)
  The ghost of Gravenous the Destroyer, a journeyman NaWz of Sif Muna (Lair:3)
  Snorg (Lair:3)
  A minotaur (Lab)
  Fannar (Lair:3)
  A hydra (Lair:6)
  2 orc knights
  An ugly thing (D:8)
  5 elephants
  2 black mambas
  Joseph (D:7)
  Psyche (D:10)
  7 spiny frogs
  A kobold demonologist (Bailey)
  3 komodo dragons
  A troll (D:9)
  A boulder beetle (Lair:6)
  39 blink frogs
  A snapping turtle (Lair:4)
  A deep elf mage (D:9)
  18 yaks
  The ghost of septik the Firebug, an amateur DEFE (D:5)
  2 wyverns
  3 hippogriffs
  A warg (Orc:1)
  10 wolves (Lair:3)
  A phantom (D:8)
  14 water moccasins
  21 orc warriors
  2 ice beasts
  10 ogres
  3 black bears
  6 spiders (Lair:4)
  6 porcupines
  4 centaurs
  7 sky beasts
  3 necrophages
  12 crocodiles
  19 giant frogs
  3 big kobolds (D:9)
  A water moccasin zombie (D:5)
  6 scorpions
  2 electric eels (Lair:1)
  2 vampire bats (D:2)
  9 wights
  6 crimson imps
  A centaur zombie (D:7)
  A quasit (D:6)
  19 orc wizards
  13 orc priests
  6 hounds
  11 jellies (Lair:6)
  A centaur skeleton (D:7)
  A giant frog skeleton (D:5)
  5 iguanas
  2 gnoll shamans (D:4)
  13 sheep
  6 worker ants
  A hound zombie (D:5)
  2 hound skeletons
  A worker ant zombie (D:9)
  15 gnolls
  10 adders
  94 river rats
  A shadow imp (D:10)
  12 white imps (Lair:5)
  An adder skeleton (D:6)
  6 oozes
  2 adder zombies (D:6)
  A worm (D:2)
  6 giant geckos
  109 orcs
  A ball python (D:1)
  5 bats
  3 bat skeletons (D:2)
  4 bat zombies (D:2)
  2 giant cockroaches (D:2)
  14 goblins
  10 hobgoblins
  4 jackals
  4 quokkas
  3 giant newts
  8 kobolds
  7 rats
  2 plants (D:10)
651 creatures vanquished.

Vanquished Creatures (collateral kills)
  3 river rats (Lair:3)
3 creatures vanquished.

Vanquished Creatures (others)
  2 orc wizards (D:4)
  A kobold (D:10)
  A fungus (Lair:6)
4 creatures vanquished.

Grand Total: 658 creatures vanquished

Notes
Turn   | Place    | Note
--------------------------------------------------------------
     0 | D:1      | Hanyuu the Octopode Transmuter began the quest for the Orb.
     0 | D:1      | Reached XP level 1. HP: 13/13 MP: 3/3
   212 | D:1      | Reached XP level 2. HP: 6/18 MP: 5/5
   707 | D:2      | Reached skill level 4 in Unarmed Combat
   707 | D:2      | Reached XP level 3. HP: 15/23 MP: 4/6
   753 | D:2      | Learned a level 2 spell: Sticks to Snakes
   757 | D:2      | Learned a level 3 spell: Spider Form
   956 | D:2      | Reached skill level 1 in Poison Magic
  1075 | D:2      | Found an opulent altar of Gozag.
  1076 | D:2      | Found a blossoming altar of Fedhas.
  1371 | D:2      | Reached XP level 4. HP: 28/28 MP: 5/7
  1496 | D:2      | Found an ancient bone altar of Kikubaaqudgha.
  1496 | D:2      | Noticed a vampire bat
  1503 | D:2      | Noticed a vampire bat
  1506 | D:2      | Killed a vampire bat
  1506 | D:2      | Reached XP level 5. HP: 29/34 MP: 8/8
  1522 | D:2      | Killed a vampire bat
  1648 | D:2      | Reached skill level 5 in Unarmed Combat
  1788 | D:3      | Reached XP level 6. HP: 32/41 MP: 6/9
  2408 | D:4      | Noticed MDvedh's ghost (amateur FoHu)
  2426 | D:4      | Found a staircase to the Ecumenical Temple.
  2456 | Temple   | Entered the Ecumenical Temple
  2505 | Temple   | Became a worshipper of Makhleb the Destroyer
  2549 | D:4      | Reached XP level 7. HP: 37/46 MP: 10/10
  2741 | D:4      | Reached skill level 6 in Unarmed Combat
  3035 | D:5      | Entered Level 5 of the Dungeon
  3088 | D:5      | Noticed septik's ghost (amateur DEFE)
  3100 | D:5      | Killed septik's ghost
  3100 | D:5      | Reached XP level 8. HP: 49/54 MP: 7/11
  3127 | D:5      | Found a shattered altar of Ashenzari.
  3258 | D:5      | Reached skill level 5 in Fighting
  3258 | D:5      | Reached skill level 5 in Dodging
  3333 | D:5      | Reached * piety under Makhleb
  3720 | D:5      | Got an ichor-stained dagger
  3765 | D:6      | Reached skill level 7 in Unarmed Combat
  3830 | D:6      | Found a sparkling altar of Nemelex Xobeh.
  3912 | D:6      | Reached XP level 9. HP: 54/62 MP: 9/14
  4773 | D:7      | Noticed Joseph
  4786 | D:7      | Found a bloodstained altar of Trog.
  4798 | D:7      | Killed Joseph
  4798 | D:7      | Reached skill level 1 in Throwing
  4802 | D:7      | Reached skill level 8 in Unarmed Combat
  4809 | D:7      | Reached ** piety under Makhleb
  5111 | D:7      | Reached XP level 10. HP: 69/69 MP: 13/15
  5207 | D:7      | Found a radiant altar of Vehumet.
  5455 | D:8      | Reached skill level 5 in Transmutations
  5500 | D:8      | Found a flagged portal.
  5511 | Bailey   | Entered a bailey
  5618 | Bailey   | Found an iron altar of Okawaru.
  5721 | Bailey   | Reached *** piety under Makhleb
  5731 | Bailey   | Noticed an orc knight
  5773 | Bailey   | Killed an orc knight
  5968 | Bailey   | Reached skill level 9 in Unarmed Combat
  6253 | D:8      | Noticed a white ugly thing
  6266 | D:8      | Killed a white ugly thing
  6637 | D:8      | Reached **** piety under Makhleb
  6993 | D:9      | Reached XP level 11. HP: 77/77 MP: 13/16
  7210 | D:9      | Learned a level 3 spell: Passwall
  7804 | D:9      | Noticed a three-headed hydra
  7896 | D:10     | Entered Level 10 of the Dungeon
  7968 | D:10     | Found a glowing golden altar of the Shining One.
  8012 | D:10     | Noticed Psyche
  8031 | D:10     | Killed Psyche
  8041 | D:10     | Reached skill level 10 in Unarmed Combat
  8111 | D:10     | Reached ***** piety under Makhleb
  8273 | D:10     | Found a staircase to the Orcish Mines.
  8307 | D:9      | Identified the +5 dagger "Urysisk" {flame, rElec rN+ Int+10 Dex-2} (You found it on level 5 of the Dungeon)
  8320 | D:9      | Identified a scroll of acquirement
  8323 | D:9      | Got an ancient ivory ring
  8326 | D:9      | Identified the ring of Zousem {Wiz rC+ Str+3} (You acquired it on level 9 of the Dungeon)
  8548 | D:10     | Learned a level 5 spell: Blade Hands
  8568 | D:10     | Found a staircase to the Lair.
  8824 | Orc:1    | Entered Level 1 of the Orcish Mines
  8916 | Orc:1    | Noticed an orc knight
  9161 | D:10     | Killed an orc knight
  9321 | Orc:1    | Reached ****** piety under Makhleb
 10737 | Lair:1   | Entered Level 1 of the Lair of Beasts
 10984 | Lair:1   | Reached XP level 12. HP: 85/85 MP: 19/19
 11553 | Lair:2   | Reached skill level 5 in Spellcasting
 12014 | Lair:2   | Reached skill level 10 in Fighting
 12121 | Lair:2   | You fall through a shaft for 2 floors!
 12163 | Lair:4   | Found a hole to the Spider Nest.
 12192 | Lair:4   | Reached skill level 10 in Dodging
 12290 | Lair:4   | Reached skill level 11 in Unarmed Combat
 12530 | Lair:3   | Noticed Fannar
 12540 | Lair:3   | Noticed Gravenous's ghost (journeyman NaWz)
 12549 | Lair:3   | Killed Fannar
 12601 | Lair:3   | Killed Gravenous's ghost
 12866 | Lair:3   | Noticed Snorg
 12878 | Lair:3   | Killed Snorg
 13171 | Lair:3   | Noticed Gastronok
 13187 | Lair:3   | Killed Gastronok
 13506 | Lair:3   | Reached XP level 13. HP: 94/94 MP: 20/20
 13702 | Lair:4   | Noticed a seven-headed hydra
 13844 | Lair:3   | Reached skill level 12 in Dodging
 14472 | Lair:4   | Found a staircase to the Shoals.
 14638 | Lair:5   | Found a frozen archway.
 14691 | Lair:5   | Found a labyrinth entrance.
 14723 | Lab      | Entered a labyrinth
 15016 | Lab      | Noticed a minotaur
 15092 | Lab      | Killed a minotaur
 15136 | Lab      | Identified Xyelyst's Handbook of Execration (You found it in a labyrinth)
 15403 | Lair:5   | Reached skill level 13 in Dodging
 15579 | Lair:5   | Learned a level 3 spell: Mephitic Cloud
 16091 | Lair:6   | Noticed an eight-headed hydra
 16336 | Lair:6   | Killed an eight-headed hydra
 16394 | Lair:6   | Reached skill level 1 in Evocations
 16408 | Lair:6   | Reached XP level 14. HP: 65/103 MP: 13/21
 16506 | Lair:6   | Found a staircase to the Slime Pits.
 16831 | Lair:5   | HP: 3/103 [four-headed hydra (7)]
 16833 | Lair:5   | Slain by a four-headed hydra

Action                   |  1- 3 |  4- 6 |  7- 9 | 10-12 | 13-15 || total
-------------------------+-------+-------+-------+-------+-------++-------
Melee: Unarmed           |    52 |   128 |   320 |  1073 |   355 ||  1928
 Fire: Blowgun           |       |       |     5 |    41 |    12 ||    58
 Cast: Beastly Appendage |     4 |     4 |     7 |     6 |       ||    21
       Spider Form       |       |     5 |    25 |    51 |     1 ||    82
       Passwall          |       |       |       |     3 |     4 ||     7
       Blade Hands       |       |       |       |    19 |    26 ||    45
 Abil: End Transformatio |       |       |       |     1 |       ||     1
Evoke: Wand              |       |       |       |     5 |     6 ||    11
  Use: Scroll            |       |     7 |     5 |    13 |     4 ||    29
       Potion            |       |       |     1 |     5 |     5 ||    11
 Stab: Sleeping          |     6 |     6 |     8 |    26 |     7 ||    53
       Distracted        |       |       |       |     1 |       ||     1
  Eat: Chunk             |     1 |     6 |    13 |    28 |    14 ||    62
       Bread ration      |       |       |       |     1 |       ||     1
       Fruit             |       |       |       |     4 |     3 ||     7
       Meat ration       |       |       |       |     3 |       ||     3
